 Seeded DCSS version 0.30-a0-122-g2a1322497e (webtiles) character file.

Game seed: 7383183774643149471 (custom seed)

174 valliere the Trooper (level 5, -7/33 HPs)
             Began as a Gargoyle Fighter on Sept 16, 2022.
             Mangled by Crazy Yiuf
             ... wielding a +4 quarterstaff of chaos
              (17 damage)
             ... on level 4 of the Dungeon.
             The game lasted 00:06:34 (4105 turns).

valliere the Trooper (Gargoyle Fighter)             Turns: 4105, Time: 00:06:36

Health: -7/33      AC: 19    Str: 22    XL:     5   Next: 54%
Magic:  5/5        EV:  7    Int:  8    God:
Gold:   269        SH:  4    Dex:  9    Spells: 4/4 levels left

rFire   . . .      SeeInvis .    q - +0 whip
rCold   . . .      Faith    .    c - +0 buckler
rNeg    + . .      Spirit   .    w - +0 chain mail
rPois   ∞          Reflect  .    u - +2 helmet
rElec   +          Harm     .    D - scarf {shadows}
rCorr   +          Rampage  .    h - +0 pair of gloves
Will    .....                    g - +0 pair of boots
Stlth   ..........               (no amulet)
HPRegen 0.11/turn                s - ring of resist corrosion
MPRegen 0.09/turn                (no ring)

@: slowed, very slow
A: sickness immunity, AC +4, negative energy resistance 1, electricity
resistance, torment resistance 1, petrification resistance
a: no special abilities


You were on level 4 of the Dungeon.
You visited 1 branch of the dungeon, and saw 5 of its levels.

You collected 269 gold pieces.

Inventory:

Hand Weapons
 a - a +0 flail
 q - a +0 whip (weapon)
Missiles
 z - 3 throwing nets (quivered)
Armour
 b - a +0 scale mail
 c - a +0 buckler (worn)
 g - a +0 pair of boots (worn)
 h - a +0 pair of gloves (worn)
 i - a +0 helmet
 o - a +0 tower shield
 u - a +2 helmet (worn)
 w - a +0 chain mail (worn)
 D - a scarf of shadows (worn)
Jewellery
 s - a ring of resist corrosion (left hand)
 y - a ring of magical power
 A - an amulet of magic regeneration
Wands
 r - a wand of light (18)
Scrolls
 f - 2 scrolls of fear {unknown}
 j - 5 scrolls of teleportation {unknown}
 k - a scroll of amnesia {unknown}
 l - a scroll of acquirement {unknown}
 t - 2 scrolls of brand weapon {unknown}
 v - 4 scrolls of identify {unknown}
 x - a scroll of vulnerability {unknown}
 B - a scroll of fog {unknown}
Potions
 d - 2 potions of might
 e - a potion of haste {unknown}
 m - 2 potions of ambrosia {unknown}
 n - 3 potions of degeneration {unknown}
 p - 2 potions of mutation {unknown}
 C - 2 potions of curing {unknown}
 E - a potion of resistance {unknown}


   Skills:
 + Level 4.2 Fighting
 * Level 3.8 Maces & Flails
 + Level 4.1 Armour
 + Level 4.1 Shields


You had 4 spell levels left.
You didn't know any spells.
Your spell library contained the following spells:

 Spells                   Type           Power      Damage    Failure   Level
 Stone Arrow              Conj/Erth      0%         3d7       100%        3
 Animate Armour           Summ/Erth      0%         N/A       100%        4
 Lehudib's Crystal Spear  Conj/Erth      0%         10d2      100%        8


Dungeon Overview and Level Annotations

Branches:
Dungeon (5/15)
 Temple: D:4-7

Altars:
Dithmenos
Gozag
Makhleb
Okawaru

Annotations:
D:4 Crazy Yiuf


Innate Abilities, Weirdness & Mutations

You are immune to sickness and miasma.
Your stone body is resilient. (AC +4)
You are immune to poison.
You resist negative energy. (rN+)
You are resistant to electric shocks. (rElec)
You are resistant to unholy torment.
You are immune to petrification.


Message History

The ball python constricts you.
The ball python bites you but does no damage.
The ball python constricts you.
You whack the ball python!
You kill the ball python!
No target in view!
No target in view!
Okay, then.
Found a runed translucent door.
Found a hammer.
Crazy Yiuf shouts!
You open the door. You hit Crazy Yiuf.
Crazy Yiuf is moderately wounded.
Crazy Yiuf hits you with a +4 quarterstaff of chaos.
You hit Crazy Yiuf.
Crazy Yiuf is moderately wounded.
Crazy Yiuf barely misses you.
You hit Crazy Yiuf but do no damage.
Crazy Yiuf is moderately wounded.
Crazy Yiuf hits you with a +4 quarterstaff of chaos!
Crazy Yiuf burns you.
You hit Crazy Yiuf.
Crazy Yiuf is heavily wounded.
Crazy Yiuf hits you but does no damage.
You feel yourself slow down.
You hit Crazy Yiuf.
Crazy Yiuf is severely wounded.
Crazy Yiuf hits you with a +4 quarterstaff of chaos.
You are too injured to fight recklessly!
You barely miss Crazy Yiuf.
Crazy Yiuf is severely wounded.
Crazy Yiuf hits you but does no damage.
You barely miss Crazy Yiuf.
Crazy Yiuf is severely wounded.
Crazy Yiuf grits, "Orb!
Orb bush hog."
Crazy Yiuf hits you but does no damage.
Crazy Yiuf hits you with a +4 quarterstaff of chaos.
Space warps horribly around you!
Ouch! That really hurt!
You die...

#....#.####.#
#.####.##...# #.#
#.##..## ###
#####.# #.#
♣♣♣♣♣##.## ###
♣♣♣.♣..#...#
#...#♣..♣.PP....#
#...g@♣♣♣♣.P....#
#)..#♣♣ ♣♣P#..##
### ♣♣####


You could see Crazy Yiuf.

Vanquished Creatures
  A jelly (D:3)
  4 gnolls
  2 adders (D:3)
  A worm (D:2)
  A dart slug (D:2)
  8 orcs
  9 ball pythons
  4 endoplasms
  4 giant cockroaches
  7 goblins
  9 hobgoblins
  4 jackals (D:1)
  4 kobolds
  2 quokkas (D:1)
  7 bats
  3 frilled lizards (D:1)
  A rat (D:3)
71 creatures vanquished.

Vanquished Creatures (others)
  A kobold (D:4)
1 creature vanquished.

Grand Total: 72 creatures vanquished

Notes
Turn   | Place    | Note
-------+----------+-------------------------------------------
     0 | D:1      | valliere the Gargoyle Fighter began the quest for the Orb.
     0 | D:1      | Reached XP level 1. HP: 14/14 MP: 1/1
    31 | D:1      | Found a faded altar of an unknown god.
   153 | D:1      | Reached XP level 2. HP: 19/19 MP: 2/2
   558 | D:1      | Reached XP level 3. HP: 21/23 MP: 3/3
  1539 | D:2      | Reached XP level 4. HP: 25/29 MP: 4/4
  2090 | D:3      | Found a shadowy altar of Dithmenos.
  2527 | D:3      | Found an opulent altar of Gozag.
  3035 | D:3      | Reached XP level 5. HP: 33/33 MP: 5/5
  3807 | D:4      | Found a burning altar of Makhleb.
  3950 | D:4      | Found an iron altar of Okawaru.
  4032 | D:5      | Entered Level 5 of the Dungeon
  4094 | D:4      | Found a runed translucent door.
  4095 | D:4      | Noticed Crazy Yiuf
  4105 | D:4      | Mangled by Crazy Yiuf

Illustrated notes

Levels and vault maps discovered:
D:1:      erik_arrival_triangle_small, layout_loops_ring, basic_ecumenical_altar
D:2:      layout_loops_corners
D:3:      minmay_diamond_boxcup, layout_basic,
          nicolae_gozag_cash_rules_everything_around_me,
          nicolae_dithmenos_the_darkroom, serial_aquarium,
          aquarium_bridge_long_separate [aquarium_subvault_wall,
          aquarium_subvault_window, aquarium_subvault_bridge,
          aquarium_subvault_bridge, aquarium_subvault_bridge,
          aquarium_subvault_balcony], aquarium_window_1, aquarium_window_corner,
          aquarium_window_1, aquarium_window_corridor_1, aquarium_view_2b,
          aquarium_view_2g, aquarium_pool_double, minmay_crystal_water
D:4:      layout_loops_ring, nicolae_hepliaklqana_hippocampus, tgw_sif,
          mainiacjoe_overflow_catch_the_wave, elyvilon_altar_4,
          minmay_temple_entry_sparse_star, corexii_checkpoint_a, uniq_duvessa,
          uniq_crazy_yiuf_cottage
D:5:      layout_basic, uniq_edmund

Skill      XL: |  1  2  3  4  5 |
---------------+----------------+-----
Maces & Flails | 3 |  3.8
Shields        | 4 |  4.1
Fighting       | 4 |  4.2
Armour         | 4 |  4.1

Action                   |  1- 3 |  4- 6 || total
-------------------------+-------+-------++-------
Melee: Flail             |    80 |       ||    80
       Whip              |    30 |   195 ||   225
Evoke: Wand              |       |     1 ||     1
Armor: Scale mail        |    60 |       ||    60
       Chain mail        |       |   141 ||   141
Dodge: Dodged            |    40 |    71 ||   111
Block: Buckler           |    16 |    50 ||    66

Table legend: (Time is in decaauts)
 A = Elapsed time spent in this place.
 B = Non-inter-level travel time spent in this place.
 C = Inter-level travel time spent in this place.
 D = Time resting spent in this place.
 E = Time spent auto-exploring this place.
 F = Levels seen in this place.
 G = Mean time per level.
                   A        B        C        D        E       F      G
               +--------+--------+--------+--------+--------+-----+--------+
         Total |   4122 |   3986 |    136 |      0 |   3272 |   5 |  824.4 |
       Dungeon |   4122 |   3986 |    136 |      0 |   3272 |   5 |  824.4 |
               +--------+--------+--------+--------+--------+-----+--------+

Top non-repeatable levels by time:
     D:3: 1719 daAuts
     D:2: 1068 daAuts
     D:1: 1037 daAuts
     D:4: 293 daAuts
     D:5: 3 daAuts
